Map: Frozen Temple

Players

Namu

  • Race: Terran Terran
  • League: Master

A.I. 1 (Very Easy) - Winner!

  • Race: Zerg Zerg

VOD

Have the link to the VOD?

Description

Time

  • Played on: Oct. 30, 2016, 11:19 p.m.
  • Length: 7:22
Show
View Real Time Build Order
Export as new Build Order

Namu Terran 

Build Orders: Reaper Expand, MMM Bio 

Get SALT Encoding   

  12  0:00  SCV  
  13  0:12  SCV  
  14  0:18  Supply Depot  
  14  0:24  SCV  
  15  0:39  SCV  
  15  0:40  Barracks  
  16  0:45  Refinery  
  16  0:51  SCV  
  17  1:03  SCV  
  18  1:15  SCV  
  19  1:27  Orbital Command  
  19  1:28  Reaper  
  20  1:41  Command Center  
  20  1:53  SCV  
  21  1:55  Barracks  
  21  2:01  Barracks Reactor  
  21  2:05  Supply Depot  
  21  2:08  SCV  
  22  2:12  Refinery  
  22  2:20  SCV  
  23  2:25  Factory  
  23  2:32  SCV  
  24  2:38  Marine  
  24  2:39  Marine  
  26  2:44  SCV  
  26  2:45  Barracks Tech Lab  
  27  2:54  Orbital Command  
  27  2:56  Marine, SCV  
  27  2:58  Marine  
  30  3:05  Stimpack  
  30  3:08  SCV  
  31  3:15  Starport  
  31  3:20  SCV x2  
  31  3:23  Factory Reactor  
  33  3:27  Marine x2  
  33  3:29  Marine  
  33  3:32  SCV  
  33  3:33  SCV  
  38  3:37  Supply Depot  
  38  3:45  Supply Depot, SCV x2  
  38  3:48  Marine x2  
  41  3:50  Marine  
  43  3:57  SCV x2  
  45  4:04  Medivac x2  
  45  4:07  Supply Depot  
  45  4:09  SCV x2  
  51  4:11  Marine  
  51  4:13  Marine x2  
  54  4:21  Engineering Bay, SCV  
  54  4:22  SCV  
  56  4:30  Supply Depot  
  56  4:31  Marine x2  
  57  4:32  Marine  
  57  4:33  SCV  
  57  4:34  SCV  
  61  4:45  SCV  
  62  4:46  SCV  
  62  4:47  Terran Infantry Weapons Level 1  
  62  4:49  Marine x2  
  62  4:50  Marine  
  66  4:57  SCV  
  67  5:01  SCV  
  67  5:04  Supply Depot  
  67  5:05  Combat Shields, Supply Depot  
  67  5:06  Marine  
  67  5:07  Marine  
  69  5:08  Marine  
  69  5:09  SCV  
  69  5:13  SCV  
  73  5:24  Marine x2, Command Center  
  73  5:25  Marine  
  73  5:27  Barracks  
  73  5:28  Barracks  
  76  5:30  Barracks  
  76  5:32  SCV x2  
  78  5:42  Factory Tech Lab, Marine x2  
  79  5:43  Marine  
  79  5:44  Refinery  
  79  5:45  Refinery  
  81  5:52  SCV x2  
  83  5:57  Supply Depot x2  
  83  6:00  Medivac x2, Marine x2  
  83  6:02  Marauder  
  91  6:09  SCV x2  
  93  6:18  Marine x2, Siege Tank  
  94  6:19  Supply Depot  
  94  6:23  Supply Depot, Barracks Reactor x2, Marauder  
  94  6:24  Barracks Reactor  
  100  6:29  Concussive Shells  
  100  6:34  SCV x2  
  100  6:35  Marine  
  100  6:36  Marine  
  100  6:38  Orbital Command  
  104  6:40  Missile Turret  
  104  6:44  Marauder  
  106  6:53  Marine  
  106  6:54  SCV x2, Marine  
  110  6:57  Supply Depot  
  110  6:59  Marine x2  
  110  7:00  Supply Depot, Marine x2  
  110  7:01  Marine  
  117  7:10  Supply Depot  
  117  7:11  Supply Depot  
  117  7:12  Supply Depot  
Show
View Real Time Build Order
Export as new Build Order

A.I. 1 (Very Easy) Zerg - Winner!

Build Orders: Hatch First 

Get SALT Encoding   

  12  0:01  Drone  
  13  0:12  Overlord  
  13  0:17  Drone  
  14  0:42  Hatchery  
  13  0:45  Drone  
  14  1:04  Spawning Pool  
  14  1:05  Extractor  
  14  1:07  Drone  
  13  1:14  Drone  
  14  1:20  Overlord  
  14  1:51  Queen, Zergling x2  
  18  1:54  Zergling x2  
  18  1:58  Roach Warren  
  17  2:02  Drone  
  18  2:09  Extractor  
  18  2:12  Drone  
  18  2:17  Zergling x2  
  18  2:22  Drone  
  20  2:29  Drone  
  21  2:37  Drone  
  22  2:44  Drone  
  23  2:51  Drone  
  24  2:58  Drone  
  25  3:05  Roach, Drone  
  28  3:12  Drone  
  28  3:16  Overlord  
  28  3:20  Drone  
  29  3:27  Drone  
  30  3:35  Drone  
  31  3:42  Drone  
  32  3:49  Overlord, Drone  
  32  3:53  Roach  
  32  3:55  Lair  
  35  3:56  Drone  
  36  4:06  Drone  
  37  4:13  Drone  
  38  4:20  Drone  
  39  4:28  Drone  
  40  4:35  Drone  
  40  4:36  Overlord  
  41  4:41  Roach  
  41  4:42  Drone  
  44  4:49  Drone  
  44  4:52  Overseer  
  45  4:54  Overseer  
  45  4:56  Drone  
  46  5:03  Extractor, Drone  
  46  5:08  Extractor  
  46  5:11  Drone  
  46  5:18  Drone  
  47  5:25  Drone  
  48  5:29  Roach  
  48  5:32  Drone  
  51  5:39  Drone  
Tags
 
Add a new tag
Caveats
  • Supply blocks, unpowered buildings, or Contaminate may cause inaccurate times.
  • Supply counts are checked every 10 seconds.